[Event "oeism u12_Gilrs_Blitz"]
[Site "austriaU12girls"]
[Date "2020.12.11"]
[Round "1"]
[White "Jaguarjungle"]
[Black "BiancaD"]
[Result "0-1"]
[WhiteElo "1620"]
[BlackElo "1599"]
[Annotator "NA RC"]
[PlyCount "98"]
[EventDate "2020.12.11"]
[EventType "blitz"]
[TimeControl "180+2"]

1. e4 e5 2. Nf3 Nf6 3. Nc3 Bb4 4. d3 Nc6 5. Bd2 O-O 6. a3 Bxc3 7. Bxc3 d5 8. exd5 Nxd5 9. Be2 Nxc3 10. bxc3 Re8 11. O-O Qf6 12. d4 e4 13. Nd2 Qg5 14. f3 Bh3 15. Rf2 e3 16. Ne4 exf2+ 17. Kxf2 Qxg2+ 18. Ke3 f5 19. Bd3 fxe4 20. fxe4 Qxh2 21. Qe2 Qg3+ 22. Qf3 Qxf3+ 23. Kxf3 Rf8+ 24. Ke3 h5 25. Re1 Rae8 26. Rh1 Bg4 27. Rh4 Rf3+ 28. Ke2 Rh3+ 29. Kf2 Rxh4 30. Kg3 Rh3+ 31. Kg2 Rf8 32. Bc4+ Kh7 33. Bd3 Rff3 34. e5+ Rxd3 35. cxd3 Rxd3 36. Kf2 Rd2+ 37. Ke3 Re2+ 38. Kd3 Nxe5+ 39. dxe5 Rxe5 40. Kd4 Ra5 41. Kc4 h4 42. Kb4 Rf5 43. c4 h3 44. c5 h2 45. Kb5 h1=Q 46. Kc4 Qf1+ 47. Kb3 Rf3+ 48. Kc2 Qe2+ 49. Kc1 Rf1# {[%emt 0:00:01] Mate Mate} 0-1

[Event "oeism u12_Gilrs_Blitz"]
[Site "austriaU12girls"]
[Date "2020.12.11"]
[Round "1"]
[White "Ju_Fa29"]
[Black "LBchessqueen"]
[Result "1-0"]
[WhiteElo "1620"]
[BlackElo "1552"]
[Annotator "NA RC"]
[PlyCount "153"]
[EventDate "2020.12.11"]
[EventType "blitz"]
[TimeControl "180+2"]

1. e4 c5 2. d3 d6 3. Nc3 g6 4. Bf4 Bg7 5. Nge2 Nc6 6. g3 Nf6 7. Bg2 O-O 8. O-O Bg4 9. Qd2 a6 10. Rfe1 Qd7 11. Bh6 Bxe2 12. Rxe2 {[%emt 0:00:07] LBchessqueen reconnected.} Nd4 13. Ree1 Nxc2 14. Bxg7 Nxa1 15. Bxf8 Rxf8 16. Rxa1 {[%emt 0:00:03] LBchessqueen reconnected.} b5 17. Rc1 b4 18. Ne2 a5 19. d4 cxd4 20. Nxd4 e5 21. Ne2 Qg4 22. f3 Qd7 23. a3 Rd8 24. axb4 axb4 25. Qxb4 Ne8 26. Rd1 Nc7 27. Nc3 f6 28. Nd5 Kf8 29. Nxf6 Qe7 30. Nd5 Qd7 31. Nxc7 Qxc7 32. Rd2 Ke7 33. Rd1 Qc5+ 34. Qxc5 dxc5 35. Rxd8 Kxd8 36. b3 Kc7 37. Kf2 Kc6 38. Ke2 Kb5 39. Kd3 Kb4 40. Kc2 c4 41. bxc4 Kxc4 42. Bf1+ Kc5 43. h4 Kd6 44. Kd3 Ke6 45. Ke3 h5 46. f4 Kd6 47. fxe5+ Kxe5 48. Kf3 Kf6 49. Kf4 Ke6 50. Bc4+ Kf6 51. e5+ Ke7 52. Kg5 Kf8 53. Kxg6 Ke7 54. e6 Ke8 55. Kxh5 Ke7 56. g4 Ke8 57. g5 Kf8 58. g6 Kg7 59. e7 Kf6 60. Kh6 Kxe7 61. g7 Kf6 62. g8=Q Kf5 63. Qf7+ Ke4 64. Qf6 Ke3 65. Kg6 Ke4 66. h5 Ke3 67. h6 Ke4 68. h7 Ke3 69. Qf5 Kd2 70. Qe4 Kc3 71. h8=Q+ Kb4 72. Qc8 Kc3 73. Be6+ Kd2 74. Qd8+ Kc3 75. Qc6+ Kb4 76. Qb8+ Ka5 77. Qbb5# {[%emt 0:00:02] Mate Mate} 1-0

[Event "oeism u12_Gilrs_Blitz"]
[Site "austriaU12girls"]
[Date "2020.12.11"]
[Round "1"]
[White "chessellis"]
[Black "Athene"]
[Result "1-0"]
[WhiteElo "1558"]
[BlackElo "1620"]
[Annotator "NA RC"]
[PlyCount "77"]
[EventDate "2020.12.11"]
[EventType "blitz"]
[TimeControl "180+2"]

1. e4 e5 2. Nf3 Nc6 3. Nc3 a6 4. d4 exd4 5. Nxd4 Nf6 6. Nxc6 bxc6 7. Bd3 Bc5 8. Bg5 O-O 9. O-O d6 10. Qf3 Bg4 11. Bxf6 Qxf6 12. Qxg4 Bd4 {[%emt 0:00:11] chessellis reconnected.} 13. Qd7 {[%emt 0:00:22] chessellis reconnected.} Bxc3 14. bxc3 Qxc3 15. Qxc7 Rfd8 16. Rab1 Rac8 17. Qb6 Qa3 18. Bc4 Qa4 {[%emt 0:00:20] chessellis reconnected.} 19. Qxa6 {[%emt 0:00:18] chessellis reconnected.} Qxc2 20. Bd3 Qc5 21. Qb6 Qxb6 22. Rxb6 d5 23. Rc1 dxe4 24. Bxe4 c5 25. h3 Re8 26. Bb7 Rc7 27. Bc6 Re6 28. Rxc5 h6 29. Ra6 Kh7 30. Rc4 Re1+ 31. Kh2 Re2 32. Be4+ Rxe4 33. Rxc7 Re2 34. Rxf7 Kg8 35. Raa7 Re8 36. Rxg7+ Kh8 37. Rh7+ Kg8 38. Rxh6 Kf8 39. Rh8# {[%emt 0:00:02] Mate Mate} 1-0

[Event "oeism u12_Gilrs_Blitz"]
[Site "austriaU12girls"]
[Date "2020.12.11"]
[Round "1"]
[White "Orchidee14"]
[Black "Leefke Giselbrecht"]
[Result "0-1"]
[WhiteElo "1383"]
[BlackElo "1397"]
[Annotator "NA RC"]
[PlyCount "48"]
[EventDate "2020.12.11"]
[EventType "blitz"]
[TimeControl "180+2"]

1. e4 d5 2. Nc3 Nf6 3. Nf3 Nc6 4. Bb5 Bg4 5. Be2 e6 6. d3 Bc5 7. Bg5 O-O 8. O-O h6 9. Bh4 Re8 10. exd5 exd5 11. a3 d4 12. Nb5 Qe7 13. Re1 a6 14. Nbxd4 Nxd4 15. Nxd4 Bxe2 16. Rxe2 Qd6 17. Nf5 Qf4 18. Bg3 Qxf5 19. Rxe8+ Rxe8 20. Bxc7 Qd7 21. Qf3 Qxc7 22. Qf4 Qxf4 23. g3 Qxf2+ 24. Kh1 Qf3# {[%emt 0:00:02] Mate Mate} 0-1

[Event "oeism u12_Gilrs_Blitz"]
[Site "austriaU12girls"]
[Date "2020.12.11"]
[Round "3"]
[White "Orchidee14"]
[Black "HarryPotter09"]
[Result "0-1"]
[WhiteElo "1424"]
[BlackElo "1522"]
[Annotator "NA RC"]
[PlyCount "48"]
[EventDate "2020.12.11"]
[EventType "blitz"]
[TimeControl "180+2"]

1. e4 e5 2. Nf3 Nc6 3. d4 exd4 4. Nxd4 Bc5 5. Nxc6 bxc6 {[%emt 0:00:09] HarryPotter09 resigns Restarted B (13.16e) Restarted W (13.16e) OK OK} 6. Bd3 d6 7. O-O Nf6 8. Bc4 O-O 9. Bd3 Re8 10. Re1 d5 11. e5 Ng4 12. Qf3 Bxf2+ 13. Kf1 Nxh2+ 14. Kxf2 Nxf3 15. Kxf3 f6 16. Be3 Rxe5 17. Bf4 Rxe1 18. Nd2 Rxa1 19. Bxh7+ Kxh7 20. Bxc7 Qxc7 21. Ne4 dxe4+ 22. Kf2 Qf4+ 23. Ke2 Ba6+ 24. c4 Bxc4# {[%emt 0:00:02] Mate Mate} 0-1